 Dungeon Crawl Stone Soup version 0.25.1-2-g60ff931df9 (webtiles) character file.

Game seed: 17375023416632412532

424 MajorAdolf the Skirmisher (level 6, -20/58 HPs)
             Began as a Naga Wanderer on Oct 7, 2020.
             Demolished by an ogre
             ... wielding a +0 giant spiked club
              (26 damage)
             ... on level 4 of the Dungeon.
             The game lasted 00:04:28 (3664 turns).

MajorAdolf the Skirmisher (Naga Wanderer)           Turns: 3664, Time: 00:04:28

Health: -20/58     AC:  9    Str: 17    XL:     6   Next: 96%
Magic:  6/6        EV:  5    Int: 14    God:
Gold:   201        SH:  0    Dex:  8    Spells: 5/5 levels left

rFire    . . .     SeeInvis +   c - +0 scimitar
rCold    + . .     Gourm    .   (no shield)
rNeg     . . .     Faith    .   i - +2 chain mail {rC+}
rPois    +         Spirit   .   (no helmet)
rElec    .         Reflect  .   (no cloak)
rCorr    .         Harm     .   (no gloves)
MR       .....                  (no barding)
Stlth    ..........             (no amulet)
HPRegen  0.19/turn              (no ring)
MPRegen  0.10/turn              (no ring)

@: short of breath, very slow
A: large, see invisible, deformed body, poison resistance, slowness 2, slow
metabolism 1, spit poison 1, AC +2
a: Spit Poison


You were on level 4 of the Dungeon.
You were not hungry.

You visited 1 branch of the dungeon, and saw 4 of its levels.

You collected 201 gold pieces.

Inventory:

Hand Weapons
 a - a +0 shortbow
 c - a +0 scimitar (weapon)
 w - a +0 war axe
Missiles
 l - 107 arrows
Armour
 b - a +2 scale mail
 i - a +2 chain mail of cold resistance (worn)
Magical Staves
 q - an uncursed staff of fire {unknown}
Jewellery
 r - an uncursed ring of protection from cold {unknown}
 v - an uncursed ring of flight {unknown}
Scrolls
 e - a scroll of enchant weapon {unknown}
 g - 2 scrolls of amnesia {unknown}
 h - 2 scrolls of remove curse {unknown}
 j - a scroll of teleportation {unknown}
 m - 2 scrolls of magic mapping {unknown}
 n - a scroll of random uselessness {unknown}
 p - 3 scrolls of identify {unknown}
 t - a scroll of fog {unknown}
Potions
 k - a potion of resistance {unknown}
 o - a potion of haste {unknown}
 s - 2 potions of invisibility {unknown}
Comestibles
 f - 4 rations
 u - 3 chunks of flesh


   Skills:
 - Level 4.6 Fighting
 + Level 1.5(1.7) Axes
   Level 1.0(1.4) Maces & Flails
 - Level 2.6 Bows
 - Level 1.0 Throwing
 - Level 4.5 Armour
 - Level 1.9 Dodging
   Level 1.0 Evocations


You had 5 spell levels left.
You didn't know any spells.
Your spell library was empty.

Dungeon Overview and Level Annotations

Branches:
Dungeon (4/15)
 Temple: D:4-7

Altars:
Ashenzari
Makhleb


Innate Abilities, Weirdness & Mutations

You cannot wear boots.
Your serpentine skin is tough. (AC +2)
You have supernaturally acute eyesight. (SInv)
Armour fits poorly on your strangely shaped body.
Your system is resistant to poisons. (rPois)
You cover ground very slowly.
You have a slow metabolism.
You can spit poison.


Message History

You feel better.
You feel better.
The ogre hits you with a +0 giant spiked club!!
* * * LOW HITPOINT WARNING * * *
You feel better.
You have got your breath back.
The ogre hits you with a +0 giant spiked club.
* * * LOW HITPOINT WARNING * * *
You feel better.
Press: ? - help, Shift-Dir - straight line, f/p - ogre
Aim: an ogre, wielding a +0 giant spiked club (moderately wounded)
The splash of poison hits the ogre!
The ogre is severely wounded.
You feel slightly more hungry.
The ogre hits you with a +0 giant spiked club!!
* * * LOW HITPOINT WARNING * * *
Your chain mail prevents you from hitting the ogre.
The ogre is severely wounded.
The ogre hits you with a +0 giant spiked club!!
You die...

.. ##...###
#.# ###......)
#..
##.(.####..
#.. ###..###
### #..
##...## #..
#..## ###..###
#.....
#..###...##
.......
#####..##..###
.......
#......O@.##
.......
......#.####
#......
#########
###.... #####


You could see an ogre.

Vanquished Creatures
  A phantom (D:4)
  An ogre (D:4)
  A scorpion (D:4)
  An orc wizard (D:4)
  A worker ant (D:4)
  5 adders
  3 oozes
  3 worms
  2 dart slugs
  3 leopard geckos
  2 orcs (D:4)
  4 giant cockroaches
  12 goblins
  4 hobgoblins
  A quokka (D:2)
  2 ball pythons (D:1)
  14 bats
  8 frilled lizards
  10 kobolds
  3 rats
81 creatures vanquished.

Notes
Turn   | Place    | Note
-------+----------+-------------------------------------------
     0 | D:1      | MajorAdolf the Naga Wanderer began the quest for the Orb.
     0 | D:1      | MajorAdolf set off with the following items: a +0 shortbow,
                  | a +2 scale mail, 29 arrows, a potion of curing, a ration
     0 | D:1      | Reached XP level 1. HP: 15/15 MP: 1/1
    32 | D:1      | Reached skill level 1 in Fighting
   247 | D:1      | Reached XP level 2. HP: 25/25 MP: 2/2
   539 | D:1      | Reached XP level 3. HP: 33/33 MP: 3/3
  1168 | D:2      | Reached XP level 4. HP: 29/42 MP: 4/4
  2015 | D:3      | Found a shattered altar of Ashenzari.
  2256 | D:3      | Reached XP level 5. HP: 22/50 MP: 5/5
  3137 | D:4      | Noticed a phantom
  3210 | D:4      | Killed a phantom
  3210 | D:4      | Reached skill level 1 in Dodging
  3210 | D:4      | Reached XP level 6. HP: 22/57 MP: 6/6
  3553 | D:4      | Found a burning altar of Makhleb.
  3651 | D:4      | Reached skill level 1 in Axes
  3664 | D:4      | Demolished by an ogre

Illustrated notes

Levels and vault maps discovered:
D:1:      dpeg_arrival_arbitrary_b, layout_basic
D:2:      layout_rooms, supply_closet_lemuel, minmay_fractal_squares_5
D:3:      layout_basic, old_standard_altar
D:4:      layout_cave_pods, nemelex_xobeh_ov_fountains_minmay,
          overflow_temple_1_default, kennysheep_little_box, first_ration,
          uniq_ijyb

Skill      XL: |  1  2  3  4  5  6 |
---------------+-------------------+-----
Fighting       | 1 2 3 4 |  4.6
Armour         | 4 |  4.5
Dodging        | 1 |  1.9
Axes           | 1 |  1.5
Maces & Flails | |  1.0
Bows           | |  2.6
Throwing       | |  1.0
Evocations     | |  1.0

Action                   |  1- 3 |  4- 6 || total
-------------------------+-------+-------++-------
Melee: Scimitar          |    24 |   231 ||   255
 Fire: Shortbow          |    97 |       ||    97
 Abil: Spit Poison       |       |     8 ||     8
  Use: Potion            |       |     5 ||     5
  Eat: Chunk             |       |     7 ||     7
Armor: Scale mail        |    42 |       ||    42
       Chain mail        |    36 |   248 ||   284
Dodge: Dodged            |    26 |    71 ||    97
       Rpst.: Scimitar   |       |    20 ||    20
